 Dungeon Crawl Stone Soup version 0.23.2-30-g0e89c35649 (webtiles) character file.

Game seed: 17575792457347147237

519 senseless the Slasher (level 7, -1/55 HPs)
             Began as a Demonspawn Gladiator on June 21, 2019.
             Was a Believer of Qazlal.
             Killed from afar by an orc wizard (5 damage)
             ... with a magic dart
             ... on level 4 of the Dungeon.
             The game lasted 00:11:24 (2614 turns).

senseless the Slasher (Demonspawn Gladiator)        Turns: 2614, Time: 00:11:24

Health: -1/55      AC:  5    Str: 15    XL:     7   Next: 1%
Magic:  7/7        EV: 14    Int:  9    God:    Qazlal [**....]
Gold:   148        SH:  2    Dex: 16    Spells: 6/6 levels left

rFire    . . .     SeeInvis .   a - +0 long sword
rCold    . . .     Gourm    .   (no shield)
rNeg     . . .     Faith    .   b - +0 leather armour
rPois    .         Spirit   .   c - +1 helmet
rElec    .         Reflect  .   (no cloak)
rCorr    .         Harm     .   (no gloves)
MR       .....                  (no boots)
Stlth    ++........             (no amulet)
HPRegen  0.18/turn              (no ring)
MPRegen  0.10/turn              (no ring)

@: very slightly contaminated, slowed, very slow
A: talons 2, demonic guardian 1, nightstalker 1
a: Upheaval, Renounce Religion


You were on level 4 of the Dungeon.
You worshipped Qazlal.
Qazlal was pleased with you.
You were not hungry.

You visited 1 branch of the dungeon, and saw 4 of its levels.

You collected 148 gold pieces.

Inventory:

Hand Weapons
 a - a +0 long sword (weapon)
 h - a +1 hunting sling of flaming
Missiles
 d - 2 throwing nets (quivered)
 k - 46 sling bullets
Armour
 b - a +0 leather armour (worn)
 c - a +1 helmet (worn)
Wands
 w - a wand of flame (12)
Scrolls
 e - a scroll of amnesia
 g - 2 scrolls of blinking
 u - a scroll of teleportation
Potions
 i - a potion of ambrosia {unknown}
 j - 3 potions of curing
 l - 4 potions of flight
 m - 2 potions of might {unknown}
 n - a potion of resistance {unknown}
 p - a potion of brilliance {unknown}
 q - a potion of degeneration {unknown}
 r - a potion of haste {unknown}
 s - a potion of mutation {unknown}
 t - 3 potions of lignification {unknown}
 v - a potion of berserk rage {unknown}
Comestibles
 f - 6 rations
 o - a chunk of flesh


   Skills:
 + Level 4.6 Fighting
 + Level 4.7 Long Blades
 - Level 1.7 Throwing
 + Level 4.7 Dodging


You had 6 spell levels left.
You didn't know any spells.
Your spell library was empty.

Dungeon Overview and Level Annotations

Branches:
Dungeon (4/15)
 Temple: D:4-7

Altars:
Makhleb
Okawaru
Qazlal
Trog
Uskayaw
Wu Jian
Xom


Innate Abilities, Weirdness & Mutations

You have razor-sharp toenails.
A weak demonic guardian rushes to your aid.
You are slightly more attuned to the shadows.


Message History

* * * LOW HITPOINT WARNING * * *
The orc wizard casts a spell at you.
You feel yourself slow down.
You closely miss the orc wizard. Your kick misses the orc wizard.
The orc wizard is heavily wounded.
The orc wizard hits you but does no damage. x3
You swap places.
The orc wizard hits you but does no damage.
Your iron imp hits the orc wizard.
The orc wizard hits you but does no damage.
The orc warrior hits your iron imp with a +0 battleaxe.
The orc wizard casts a spell.
The orc wizard blinks!
The orc warrior hits your iron imp with a +0 battleaxe!
Your iron imp hits the orc warrior.
The orc wizard casts a spell.
The orc wizard blinks!
The orc wizard casts a spell at you. The magic dart hits you.
You die...

..!.......#.....).#
..........#8.....8#
.(.......#.......#
.........#8....)8# ###+# #...†#
#....)).# .....##....###8.....8##
...........'...........
...........#...........
......@....#....<...... ####
#########...###....#.....
###...###....####...###.......#..
...%...#.......5.o..#....(.....$.
.......#......o.....#(......#....
.....o.'......§.....#............
#.....##.....##.....#####........
########.....######### #...#....
#..............# #........


You could see an orc wizard.

Vanquished Creatures
  Sigmund (D:3)
  A hound (D:4)
  An orc wizard (D:3)
  Ijyb (D:4)
  A howler monkey skeleton (D:4)
  6 adders
  2 oozes
  3 worms
  8 dart slugs
  4 leopard geckos
  5 orcs
  10 bats
  4 giant cockroaches
  19 goblins
  12 hobgoblins
  A quokka (D:3)
  A ball python (D:3)
  5 frilled lizards
  4 kobolds
  6 rats
95 creatures vanquished.

Vanquished Creatures (collateral kills)
  A phantom (D:4)
  5 goblins (D:4)
6 creatures vanquished.

Grand Total: 101 creatures vanquished

Notes
Turn   | Place    | Note
-------+----------+-------------------------------------------
     0 | D:1      | senseless the Demonspawn Gladiator began the quest for the
                  | Orb.
     0 | D:1      | Reached XP level 1. HP: 16/16 MP: 1/1
    50 | D:1      | Gained mutation: You have sharp toenails. [demonic
                  | ancestry]
    50 | D:1      | Reached XP level 2. HP: 9/22 MP: 2/2
   602 | D:1      | Reached XP level 3. HP: 20/28 MP: 3/3
  1255 | D:2      | Found a stormy altar of Qazlal.
  1264 | D:2      | Became a worshipper of Qazlal Stormbringer
  1375 | D:2      | Gained mutation: You are slightly more attuned to the
                  | shadows. [demonic ancestry]
  1375 | D:2      | Reached XP level 4. HP: 35/35 MP: 4/4
  1927 | D:3      | Found an iron altar of Okawaru.
  1927 | D:3      | Found a hide-covered altar of Uskayaw.
  1942 | D:3      | Found a shimmering altar of Xom.
  1944 | D:3      | Found a burning altar of Makhleb.
  1996 | D:3      | Gained mutation: You have razor-sharp toenails. [demonic
                  | ancestry]
  1996 | D:3      | Reached XP level 5. HP: 30/41 MP: 5/5
  2011 | D:3      | Found a bloodstained altar of Trog.
  2036 | D:3      | Reached * piety under Qazlal
  2206 | D:3      | Noticed Sigmund
  2217 | D:3      | Killed Sigmund
  2217 | D:3      | Gained mutation: A weak demonic guardian rushes to your
                  | aid. [demonic ancestry]
  2217 | D:3      | Reached XP level 6. HP: 35/48 MP: 6/6
  2298 | D:3      | Found an ornate altar of the Wu Jian Council.
  2491 | D:4      | Noticed Ijyb
  2497 | D:4      | Reached ** piety under Qazlal
  2510 | D:4      | Killed Ijyb
  2583 | D:4      | Reached XP level 7. HP: 32/55 MP: 7/7
  2607 | D:4      | HP: 2/55 [orc wizard/magic dart (4)]
  2614 | D:4      | Killed from afar by an orc wizard

Skill      XL: |  1  2  3  4  5 |
---------------+----------------+-----
Long Blades    | 3 4 |  4.7
Dodging        | 3 4 |  4.7
Fighting       | 3 4 |  4.6
Throwing       | |  1.7

Action                   |  1- 3 |  4- 6 |  7- 9 || total
-------------------------+-------+-------+-------++-------
Melee: Long sword        |    85 |   144 |     7 ||   236
       Kick              |    25 |    41 |     2 ||    68
Throw: Throwing net      |     1 |     2 |       ||     3
  Use: Scroll            |     1 |     7 |     1 ||     9
 Stab: Held in net/web   |     1 |     1 |       ||     2
       Sleeping          |       |     5 |       ||     5
       Distracted        |       |     3 |       ||     3
  Eat: Chunk             |     2 |     4 |       ||     6
Armor: Leather armour    |    20 |    34 |     5 ||    59
Dodge: Dodged            |    61 |    95 |     5 ||   161
Block: Other             |       |     5 |       ||     5
       Rpst.: Long sword |    15 |    27 |       ||    42
